 Dungeon Crawl Stone Soup version 0.21.1-1-g345015f (webtiles) character file.

1703 vatarom the Conjurer (level 8, 0/66 HPs)
             Began as a Yellow Draconian Conjurer on Mar 28, 2018.
             Slain by an orc warrior
             ... wielding a +0 dire flail
              (13 damage)
             ... on level 5 of the Dungeon.
             The game lasted 00:10:49 (5855 turns).

vatarom the Conjurer (Yellow Draconian Conjurer)    Turns: 5855, Time: 00:10:50

Health: 0/66       AC:  8    Str: 10    XL:     8   Next: 73%
Magic:  5/14       EV: 17    Int: 18    God:
Gold:   334        SH:  0    Dex: 12    Spells: 1/15 levels left

rFire    . . .     SeeInvis +   n - +2 whip (venom)
rCold    . . .     Gourm    .   (no shield)
rNeg     . . .     Faith    .   (armour unavailable)
rPois    .         Spirit   .   (helmet restricted)
rElec    .         Reflect  .   (no cloak)
rCorr    +         Harm     .   k - +1 pair of gloves
MR       .....                  (no boots)
Stlth    +++.......             (no amulet)
HPRegen  0.00/turn              c - +3 ring of evasion
MPRegen  0.14/turn              r - ring of stealth

@: no status effects
A: spit acid, acid resistance, unfitting armour, see invisible, deterioration 1,
inhibited regeneration, cold-blooded, MP-powered wands, AC +6
a: Breathe Acid


You were on level 5 of the Dungeon.
You were not hungry.

You visited 2 branches of the dungeon, and saw 8 of its levels.

You collected 334 gold pieces.

Inventory:

Hand Weapons
 n - a +2 whip of venom (weapon)
Armour
 k - a +1 pair of gloves (worn)
Jewellery
 c - a +3 ring of evasion (left hand)
 r - a ring of stealth (right hand)
 s - an uncursed ring of resist corrosion
 t - an uncursed ring of flight
Wands
 h - a wand of polymorph (13)
 o - a wand of flame (19)
Scrolls
 e - a scroll of enchant armour
 i - 4 scrolls of remove curse
 v - a scroll of holy word {unknown}
 w - a scroll of fear {unknown}
Potions
 d - a potion of mutation
 f - a potion of lignification {unknown}
 j - 2 potions of curing
 l - a potion of degeneration {unknown}
 m - 2 potions of might {unknown}
 p - 2 potions of cancellation {unknown}
 u - a potion of brilliance {unknown}
Books
 a - a book of Conjurations

   Spells                             Type                      Level
   a - Magic Dart                     Conjuration                  1
   b - Searing Ray                    Conjuration                  2
   c - Dazzling Spray                 Conjuration/Hexes            3
   d - Fulminant Prism                Conjuration/Hexes            4
   e - Force Lance                    Conjuration/Translocation    4
   f - Iskenderun's Mystic Blast      Conjuration                  4
Comestibles
 b - 3 rations


   Skills:
 - Level 3.8 Fighting
   Level 0.1(3.1) Axes
 - Level 5.2 Maces & Flails
 + Level 4.8 Dodging
 - Level 3.8 Stealth
 + Level 4.3 Spellcasting
 * Level 6.3 Conjurations
 - Level 0.2 Translocations


You had one spell level left.
You knew the following spells:

 Your Spells              Type           Power        Failure   Level  Hunger
a - Magic Dart            Conj           ####         1%          1    None
b - Searing Ray           Conj           ####..       1%          2    ##.....
c - Dazzling Spray        Conj/Hex       ###...       12%         3    ###....
d - Iskenderun's Mystic   Conj           ####....     10%         4    ####...
e - Force Lance           Conj/Tloc      ###.....     36%         4    ####...


Dungeon Overview and Level Annotations

Branches:
Dungeon (7/15)             Temple (1/1) D:4

Altars:
Cheibriados
Dithmenos
Fedhas
Gozag
Hepliaklqana
Kikubaaqudgha
Nemelex Xobeh
Okawaru
Qazlal
Ru
Sif Muna
Uskayaw
Wu Jian
Xom
Yredelemnul
Zin
The Shining One

Shops:
D:4 (

Annotations:
D:6 2 transporters
D:7 Menkaure


Innate Abilities, Weirdness & Mutations

You can spit globs of acid.
You are resistant to acid.
Your golden yellow scales are hard. (AC +6)
You cannot fit into any form of body armour.
You are cold-blooded and may be slowed by cold attacks.
You have supernaturally acute eyesight. (SInv)
Your body sometimes deteriorates upon taking damage.
You do not regenerate when monsters are visible.
You expend magic power (3 MP) to strengthen your wands.


Message History

The orc priest is splashed with acid.
You kill the orc priest!
You feel somewhat more hungry.
The orc warrior shouts!
The orc warrior is no longer blind.
You have got your breath back.
The iguana hisses menacingly.
The orc wizard mumbles some strange words.
The orc wizard seems to speed up.
All of the chunks of flesh in your inventory have rotted away.
The orc wizard mumbles some strange words.
The orc wizard blinks!
The orc shouts!
There is a stone staircase leading up here.
The orc warrior misses you.
You climb upwards.
There is a stone staircase leading down here.
There is an open door here.
The orc warrior hits you with a dire flail!
You die...

.......# #.......#
########
############..###.####.#
...........#...##......#
...........#.#.##..#####
...........#.#.##..#
........<..'.#..#..##
...........##.......#
...........##.#...###
...........##...@.#
...........##....o#
._###...#####...#.# ..#
#...# #...#'############
### #####
#....>.).........#
#.....)..........#
#................#
#...############## #...#


You could see an orc warrior.

Vanquished Creatures
  Prince Ribbit (D:5)
  Sigmund (D:2)
  A water moccasin (D:6)
  A necrophage (D:6)
  3 ogres
  2 centaurs (D:6)
  A big kobold (D:6)
  A water moccasin skeleton (D:4)
  2 hounds (D:5)
  3 orc wizards
  7 orc priests
  A bullfrog skeleton (D:6)
  2 hound skeletons
  Robin (D:4)
  10 adders
  A shadow imp (D:6)
  An adder zombie (D:6)
  3 oozes (D:4)
  3 worms
  2 dart slugs
  3 leopard geckos
  9 orcs
  9 giant cockroaches
  15 goblins
  15 hobgoblins
  3 jackals (D:3)
  3 ball pythons
  7 bats
  6 frilled lizards
  9 kobolds
  A leopard gecko skeleton (D:5)
  A leopard gecko zombie (D:5)
  A quokka skeleton (D:4)
  5 rats
134 creatures vanquished.

Notes
Turn   | Place    | Note
-------+----------+-------------------------------------------
     0 | D:1      | vatarom the Draconian Conjurer began the quest for the Orb.
     0 | D:1      | Reached XP level 1. HP: 14/14 MP: 3/3
   257 | D:1      | Reached XP level 2. HP: 20/20 MP: 1/5
   428 | D:1      | Found a glowing golden altar of the Shining One.
   455 | D:1      | Learned a level 2 spell: Searing Ray
   577 | D:1      | Reached XP level 3. HP: 27/27 MP: 6/6
   892 | D:2      | Found a blossoming altar of Fedhas.
  1303 | D:2      | Reached XP level 4. HP: 34/34 MP: 1/7
  1399 | D:2      | Noticed Sigmund
  1428 | D:2      | Killed Sigmund
  1428 | D:2      | Reached skill level 1 in Fighting
  1428 | D:2      | Reached skill level 1 in Maces & Flails
  1428 | D:2      | Reached skill level 5 in Conjurations
  1428 | D:2      | Reached XP level 5. HP: 18/41 MP: 1/8
  1652 | D:2      | Found a shadowy altar of Dithmenos.
  2084 | D:3      | You fall through a shaft for 2 floors!
  2084 | D:5      | Entered Level 5 of the Dungeon
  2096 | D:5      | Reached XP level 6. HP: 40/48 MP: 6/10
  2400 | D:4      | Found a staircase to the Ecumenical Temple.
  2427 | D:4      | You fall through a shaft for 3 floors!
  2427 | D:7      | Noticed Menkaure
  2458 | D:6      | Found a transporter.
  2742 | D:6      | Learned a level 3 spell: Dazzling Spray
  2747 | D:6      | Learned a level 4 spell: Iskenderun's Mystic Blast
  2785 | D:6      | Found a transporter.
  2805 | D:6      | Your scales start taking on a golden yellow colour.
  2805 | D:6      | Reached XP level 7. HP: 30/56 MP: 8/11
  3242 | D:6      | Found an iron altar of Okawaru.
  3252 | D:6      | Reached XP level 8. HP: 45/63 MP: 11/13
  3345 | D:5      | Learned a level 4 spell: Force Lance
  3678 | Temple   | Entered the Ecumenical Temple
  4313 | D:4      | Noticed Robin
  4351 | D:4      | Killed Robin
  4602 | D:4      | Found Othreuc's Antique Weapon Shoppe.
  5006 | D:5      | Found a deep blue altar of Sif Muna.
  5056 | D:5      | Noticed Prince Ribbit
  5064 | D:5      | Killed Prince Ribbit
  5064 | D:5      | Reached skill level 6 in Conjurations
  5505 | D:6      | Reached skill level 5 in Maces & Flails
  5796 | D:6      | Gained mutation: Your body sometimes deteriorates upon taking damage. [potion of mutation]
  5796 | D:6      | Gained mutation: You do not regenerate when monsters are visible. [potion of mutation]
  5796 | D:6      | Gained mutation: You expend magic power (3 MP) to strengthen your wands. [potion of mutation]
  5796 | D:6      | Gained mutation: You have supernaturally acute eyesight. (SInv) [potion of mutation]
  5855 | D:5      | Slain by an orc warrior

Skill      XL: |  1  2  3  4  5  6  7  8 |
---------------+-------------------------+-----
Stealth        | 2 3 |  3.8
Dodging        | 2 3 4 |  4.8
Fighting       | 1 2 3 |  3.8
Maces & Flails | 1 2 4 5 |  5.2
Conjurations   | 5 6 |  6.3
Spellcasting   | 3 4 |  4.3
Axes           | |  0.1
Translocations | |  0.2

Action                   |  1- 3 |  4- 6 |  7- 9 || total
-------------------------+-------+-------+-------++-------
Melee: Hand axe          |    18 |       |       ||    18
       Whip              |    60 |    99 |   101 ||   260
       Tailslap          |     5 |     7 |    10 ||    22
 Cast: Magic Dart        |    39 |    14 |    68 ||   121
       Searing Ray       |     1 |     4 |     9 ||    14
       Dazzling Spray    |       |       |     5 ||     5
       Force Lance       |       |       |     4 ||     4
 Abil: Breathe Acid      |       |       |    11 ||    11
  Use: Scroll            |     2 |     3 |     3 ||     8
       Potion            |       |     3 |     4 ||     7
 Stab: Sleeping          |       |     1 |     3 ||     4
  Eat: Chunk             |     2 |     4 |     5 ||    11
       Ration            |       |       |     3 ||     3
Armor: Skin              |    19 |    28 |    32 ||    79
Dodge: Dodged            |    68 |    88 |   124 ||   280
